AoeStats
← christar123 ten

Arabian Desert

510095238Analyzed
1v1 RM · 4d ago on Sep 29, 2026· 39m 25s· 2 players
Game mode
Random Map
Map size
Tiny (2 player)
Population
200
Speed
Normal
Resources
Standard
Victory
Conquest
Starting age
Dark Age
Ending age
Imperial Age
RankedLock teamsTeams togetherTeam positionsShared explorationLock speedFull tech treeHidden civsTurbo modeCheats
Victory
Defeat
🇬🇧 Ethiopians · United Kingdom
2084
+15
🇹🇼 Poles · Taiwan
2056
-15
SSS66618
5:46 Loom
8:47 Feudal Age
10:09 Wheelbarrow
10:49 Double-Bit Axe
13:35 Fletching
17:02 Horse Collar
20:51 Town Watch
24:10 Forging
24:09 Scale Barding Armor
24:57 Bloodlines
29:14 Scale Mail Armor
32:28 Forging
35:40 Castle Age
36:31 Bodkin Arrow
36:19 Pikeman
37:02 Squires
37:55 Chain Mail Armor
38:03 Bow Saw
christar123 ten
6:56 Loom
9:17 Feudal Age
9:41 Man-at-Arms
14:43 Fletching
17:11 Double-Bit Axe
23:57 Castle Age
22:49 Scale Barding Armor
23:59 Horse Collar
25:02 Chain Barding Armor
27:43 Gold Mining
31:19 Forging
33:14 Bow Saw
33:50 Wheelbarrow
33:35 Heavy Plow
35:52 Gold Shaft Mining
37:46 Hand Cart
37:32 Bodkin Arrow
38:17 Husbandry
Connection lost

Rejoining the realm…

Still unreachable

The connection could not be restored.

Session expired

The server has moved on; the page needs a fresh start.